 Dungeon Crawl Stone Soup version 0.32-a0-7-ge934b4519a (webtiles) character file.

Game seed: 5600192494330748947

12168 ragingrage the Destroyer (level 11, 0/91 HPs)
             Began as an Armataur Conjurer on Jan 13, 2024.
             Was an Elder of Sif Muna.
             Slain by a two-headed ogre
             ... wielding a +0 dire flail
              (15 damage)
             ... on level 11 of the Dungeon.
             The game lasted 00:16:46 (11206 turns).

ragingrage the Destroyer (Armataur Conjurer)       Turns: 11206, Time: 00:16:47

Health: 0/91       AC: 13    Str: 13    XL:     11   Next: 58%
Magic:  5/14       EV: 13    Int: 17    God:    Sif Muna [****..]
Gold:   599        SH:  0    Dex:  7    Spells: 2/13 levels left

rFire   . . .        b - +5 quarterstaff of Accord {venom, rPois rN++ Int-5 Dex-2}
rCold   . . .        (shield currently unavailable)
rNeg    + + .        C - +0 swamp dragon scales
rPois   +            w - +2 hat
rElec   .            m - +0 cloak
rCorr   .            c - +1 pair of gloves
SInv    .            (no barding)
Will    .....        (no amulet)
Stlth   +            s - +5 ring of evasion
HPRegen 1.00/turn    (no ring)
MPRegen 0.47/turn

%: roll
@: no status effects
A: large, deformed body, tough skin 3, armoured tail, roll 2
a: Renounce Religion, Channel Magic, Forget Spell, Divine Exegesis


You were on level 11 of the Dungeon.
You worshipped Sif Muna.
Sif Muna was greatly pleased with you.
You visited 2 branches of the dungeon, and saw 12 of its levels.

You collected 659 gold pieces.
You spent 60 gold pieces at shops.

Inventory:

Hand Weapons
 a - a +2 dagger of venom
 b - the +5 quarterstaff of Accord (weapon) {venom, rPois rN++ Int-5 Dex-2}
   (You found it on level 4 of the Dungeon)

   Int-5:     It affects your intelligence (-5).
   Dex-2:     It affects your dexterity (-2).
   rPois:     It protects you from poison rN++: It greatly protects you from
   negative energy.
 t - a +4 falchion
 x - a +5 heavy whip
Missiles
 f - 2 throwing nets
Armour
 c - a +1 pair of gloves (worn)
 d - +0 steam dragon scales
 m - a +0 cloak (worn)
 w - a +2 hat (worn)
 C - +0 swamp dragon scales (worn)
Jewellery
 s - a +5 ring of evasion (left hand)
Wands
 q - a wand of charming (13)
Scrolls
 e - a scroll of blinking {unknown}
 h - 2 scrolls of teleportation
 k - 3 scrolls of enchant weapon
 l - 6 scrolls of fog
 n - a scroll of noise
 o - 2 scrolls of butterflies
 p - a scroll of amnesia
 u - 2 scrolls of revelation
 y - 2 scrolls of poison
 z - a scroll of enchant armour
 D - 2 scrolls of identify
Potions
 g - 5 potions of curing
 i - a potion of lignification {unknown}
 j - a potion of magic
 r - 3 potions of attraction {unknown}
 v - a potion of brilliance {unknown}
 A - a potion of haste {unknown}
 B - a potion of might {unknown}


   Skills:
 + Level 6.8 Fighting
 - Level 5.0 Armour
 - Level 1.3 Dodging
 - Level 2.1 Stealth
 - Level 1.7 Spellcasting
 - Level 12.7 Conjurations
 - Level 8.0 Translocations
 + Level 3.3 Alchemy
 + Level 4.8 Invocations


You had 2 spell levels left.
You knew the following spells:

 Your Spells              Type           Power      Damage    Failure   Level
a - Magic Dart            Conj           100%       1d8       1%          1
b - Searing Ray           Conj           88%        2d7       1%          2
c - Iskenderun's Mystic   Conj/Tloc      36%        2d9       5%          4
d - Fulminant Prism       Conj/Alch      14%        3d8       14%         4

Your spell library contained the following spells:

 Spells                   Type           Power      Damage    Failure   Level
 Volatile Blastmotes      Fire/Tloc      30%        2d12      22%         3
 Olgreb's Toxic Radiance  Alch           13%        N/A       69%         4
 Summon Forest            Summ/Tloc      7%         N/A       91%         5
 Eringya's Noxious Bog    Alch           6%         4d6       100%        6
 Ozocubu's Refrigeration  Ice            0%         4d7       100%        7
 Summon Hydra             Summ           0%         N/A       100%        7
 Discord                  Hex            0%         N/A       100%        8


Dungeon Overview and Level Annotations

Branches:
Dungeon (11/15)            Temple (1/1) D:4            Lair (0/5) D:10
    Orc: D:9-12

Altars:
Ashenzari
Cheibriados
Dithmenos
Elyvilon
Fedhas
Gozag
Hepliaklqana
Kikubaaqudgha
Makhleb
Nemelex Xobeh
Okawaru
Qazlal
Ru
Sif Muna
Trog
Uskayaw
Vehumet
Wu Jian
Xom
Yredelemnul
Zin
The Shining One

Shops:
D:3 ?

Annotations:
D:8 exclusion: downstairs
D:9 Gastronok
D:10 exclusions: downstairs and oklob plant
D:11 2 transporters, DeathSocks's ghost, novice MiMo


Innate Abilities, Weirdness & Mutations

Armour fits poorly on your strangely shaped body.
You have extremely tough skin. (AC +3)
You have a long armoured tail.
You regenerate magic and health when rolling toward enemies. (Rampage Regen)


Message History

The two-headed ogre hits you with a +0 giant spiked club!!
You barely miss the two-headed ogre. You tail-slap the two-headed ogre.
The two-headed ogre barely misses you. x2
You barely miss the two-headed ogre. You hit the two-headed ogre.
The two-headed ogre looks even sicker.
The two-headed ogre hits you with a +0 dire flail!!
The two-headed ogre barely misses you.
You barely miss the two-headed ogre.
The two-headed ogre completely misses you.
The two-headed ogre misses you.
You hit the two-headed ogre.
The two-headed ogre looks as sick as possible!
Your magical contamination has completely faded away.
The two-headed ogre attacks as it pursues you!
The two-headed ogre barely misses you.
The two-headed ogre hits you with a +0 giant spiked club.
Casting: Iskenderun's Mystic Blast (dangerous; 4% risk of failure)
You erupt in a blast of force!
The mystic blast hits the two-headed ogre.
The two-headed ogre is knocked back by the mystic blast.
You roll towards the two-headed ogre!
The two-headed ogre hits you with a +0 dire flail!!
* * * LOW HITPOINT WARNING * * *
The two-headed ogre hits you with a +0 giant spiked club!
* * * LOW HITPOINT WARNING * * *
Casting: Iskenderun's Mystic Blast (dangerous; 4% risk of failure)
You don't have enough magic to cast this spell.
You closely miss the two-headed ogre.
Your tail-slap misses the two-headed ogre.
The two-headed ogre hits you but does no damage.
The two-headed ogre hits you with a +0 giant spiked club.
* * * LOW HITPOINT WARNING * * *
Your +2 dagger of venom stops dripping with poison.
You feel stupid.
You feel clumsy.
The +5 quarterstaff of Accord {venom, rPois rN++ Int-5 Dex-2} begins to drip with poison!
b - the +5 quarterstaff of Accord (weapon)
{venom, rPois rN++ Int-5 Dex-2} You barely miss the two-headed ogre.
The two-headed ogre hits you but does no damage.
The two-headed ogre hits you with a +0 giant spiked club!
You die...

?.. #.# #.# #+ #.# ##.#
.. ... #########
##..###.# #.# #.......#
#.......# #.#
#.......###..####.#####.
#.#
#...............#.......
#.#
#........O..............
##.###
#.......@...#...#.<.....
...<.#
#.......#.#.##.##.#####.
.###.#
#.......#.<.......# .#
#.# ##.......#####.####
.###.# #.#####.# #.#
.....# #.# #.#####.#
#...## #.# #.......#
....)#####.# #.#######
.. ....).)....#####.##
..


You could see a two-headed ogre (very poisoned).

Vanquished Creatures
  2 two-headed ogres (D:10)
  Maggie (D:7)
  Prince Ribbit (D:7)
  A troll (D:10)
  2 hornets
  6 yaks (D:9)
  A warg (D:10)
  A neqoxec (D:11)
  2 steam dragons
  2 acid dragons (D:10)
  2 water moccasins
  4 orc warriors
  An elephant zombie (D:6)
  3 centaurs
  2 wolves (D:10)
  3 ogres
  A phantom (D:6)
  A kobold brigand (D:8)
  A bullfrog (D:7)
  3 scorpions
  6 killer bees
  A bombardier beetle (D:3)
  3 howler monkeys (D:10)
  7 hounds
  A quasit (D:11)
  2 centaur zombies (D:6)
  A human zombie (D:6)
  3 jellies
  A gnoll bouda (D:8)
  9 orc priests
  2 iguanas
  3 scorpion zombies (D:6)
  7 orc wizards
  A killer bee zombie (D:6)
  3 hound zombies (D:6)
  A howler monkey zombie (D:6)
  5 gnolls
  8 adders
  3 river rats (D:6)
  2 shadow imps (D:6)
  4 ufetubi (D:7)
  2 adder zombies (D:6)
  A dart slug (D:1)
  50 orcs
  9 ball pythons
  12 endoplasms
  6 giant cockroaches
  9 goblins
  8 hobgoblins
  4 quokkas
  8 bats
  3 frilled lizards
  14 kobolds
  4 rats
243 creatures vanquished.

Vanquished Creatures (others)
  A wyvern (D:8)
  A killer bee zombie (D:6)
  6 fulminant prisms
8 creatures vanquished.

Grand Total: 251 creatures vanquished

Notes
Turn   | Place    | Note
-------+----------+-------------------------------------------
     0 | D:1      | ragingrage the Armataur Conjurer began the quest for the
                  | Orb.
     0 | D:1      | Reached XP level 1. HP: 14/14 MP: 3/3
   245 | D:1      | Reached skill level 4 in Conjurations
   253 | D:1      | Reached XP level 2. HP: 10/20 MP: 0/4
   793 | D:1      | Learned a level 2 spell: Searing Ray
   821 | D:1      | Reached skill level 1 in Fighting
   832 | D:1      | Reached XP level 3. HP: 28/28 MP: 1/5
  1120 | D:2      | Found a basalt altar of Yredelemnul.
  1702 | D:2      | Reached XP level 4. HP: 35/35 MP: 2/6
  2018 | D:3      | Found Uherch's Magic Scroll Shoppe.
  2021 | D:3      | Bought a scroll of noise for 12 gold pieces
  2021 | D:3      | Bought a scroll of butterflies for 48 gold pieces
  2047 | D:3      | Reached skill level 5 in Conjurations
  2188 | D:3      | Reached XP level 5. HP: 41/41 MP: 3/7
  2774 | D:4      | Found a staircase to the Ecumenical Temple.
  2797 | Temple   | Entered the Ecumenical Temple
  2808 | Temple   | Became a worshipper of Sif Muna the Loreminder
  2917 | D:4      | Reached XP level 6. HP: 50/50 MP: 4/8
  3111 | D:4      | Learned a level 4 spell: Iskenderun's Mystic Blast
  3178 | D:4      | Found a stormy altar of Qazlal.
  3254 | D:4      | Reached skill level 6 in Conjurations
  3358 | D:4      | Found a shadowy altar of Dithmenos.
  3403 | D:4      | Reached skill level 1 in Translocations
  3552 | D:4      | Identified the +5 quarterstaff of Accord {venom, rPois rN++
                  | Int-5 Dex-2}
  3906 | D:5      | Entered Level 5 of the Dungeon
  3982 | D:5      | Identified the +1 leather armour of Gluttony {Int+3}
  4181 | D:5      | Gained mutation: You regenerate magic and health when
                  | rolling toward enemies. (Rampage Regen) [Armataur growth]
  4181 | D:5      | Reached XP level 7. HP: 52/58 MP: 1/9
  4183 | D:5      | Reached * piety under Sif Muna
  5006 | D:6      | You fall into a shaft and drop 2 floors!
  5029 | D:8      | Noticed a steam dragon
  5062 | D:8      | Noticed a wyvern
  5107 | D:8      | Killed a steam dragon
  5223 | D:8      | Found an ancient bone altar of Kikubaaqudgha.
  5390 | D:6      | Reached skill level 7 in Conjurations
  5390 | D:6      | Reached XP level 8. HP: 54/67 MP: 4/10
  5525 | D:6      | Reached skill level 5 in Fighting
  5543 | D:6      | Found an ancient bone altar of Kikubaaqudgha.
  6068 | D:6      | Reached skill level 5 in Translocations
  6218 | D:6      | Reached ** piety under Sif Muna
  6534 | D:7      | Noticed Maggie
  6557 | D:7      | Reached skill level 8 in Conjurations
  6957 | D:7      | Reached XP level 9. HP: 74/74 MP: 6/11
  7182 | D:7      | Noticed Prince Ribbit
  7183 | D:7      | Found a radiant altar of Vehumet.
  7183 | D:7      | Found a snail-covered altar of Cheibriados.
  7183 | D:7      | Found a sparkling altar of Nemelex Xobeh.
  7183 | D:7      | Found a shimmering altar of Xom.
  7200 | D:7      | Killed Prince Ribbit
  7207 | D:7      | Found a sacrificial altar of Ru.
  7212 | D:7      | Found an ornate altar of the Wu Jian Council.
  7656 | D:7      | Killed Maggie
  7758 | D:8      | Reached skill level 9 in Conjurations
  7971 | D:8      | Reached skill level 1 in Armour
  7971 | D:8      | Reached skill level 1 in Invocations
  7978 | D:8      | Reached *** piety under Sif Muna
  8787 | D:9      | Learned a level 4 spell: Fulminant Prism
  8832 | D:8      | Reached **** piety under Sif Muna
  8874 | D:9      | Noticed Gastronok
  9230 | D:9      | Reached XP level 10. HP: 63/83 MP: 12/12
  9340 | D:9      | Reached skill level 1 in Alchemy
  9622 | D:9      | Reached skill level 12 in Conjurations
  9622 | D:9      | Reached XP level 11. HP: 89/89 MP: 13/13
  9673 | D:10     | Entered Level 10 of the Dungeon
  9826 | D:10     | Noticed a two-headed ogre
  9879 | D:10     | Found a staircase to the Lair.
  9938 | D:10     | Noticed a two-headed ogre
  9999 | D:10     | Killed a two-headed ogre
 10124 | D:10     | Reached skill level 5 in Armour
 10212 | D:10     | Found a blossoming altar of Fedhas.
 10233 | D:10     | Noticed an oklob plant
 10714 | D:10     | Killed a two-headed ogre
 11042 | D:11     | Found a transporter.
 11042 | D:11     | Found a transporter.
 11043 | D:11     | Noticed DeathSocks's ghost (novice MiMo)
 11176 | D:11     | Noticed a two-headed ogre
 11206 | D:11     | Slain by a two-headed ogre

Illustrated notes

Levels and vault maps discovered:
D:1:      dpeg_arrival_chambers_temple_mockup, layout_loops_ring
D:2:      layout_rooms, basic_altar, amcnicky_mini_corridor_feature
D:3:      layout_basic, serial_shops, nicolae_shop_behind_doors,
          small_statue_intersection, minmay_randomly_rotated_circles
D:4:      layout_loops_ring, mainiacjoe_overflow_alcove_1,
          mainiacjoe_overflow_catwalk, minmay_temple_entry_overgrown,
          grunt_decor_mini_mirrors
D:5:      layout_gridville
D:6:      layout_loops_cross, portal_sewer_entry_b, roadster_capsule_ark_zombie
D:7:      layout_basic, minmay_overflow_temple_hex, uniq_prince_ribbit1,
          uniq_maggie
D:8:      layout_basic, kiku_gazebo_pond_becter, special_room
          [special_room_orc], grunt_decor_clamped, moated_statue
D:9:      layout_cave_pods, uniq_gastronok
D:10:     layout_gridville, tgw_fedhas, erik_lair_orcish_takeover
D:11:     layout_loops_cross, erik_orc_1, enter_trove_3, gammafunk_ghost_hive,
          serial_demonic, serial_demonic_b, serial_demonic_b, serial_demonic_g,
          serial_demonic_f
Temple:   hellmonk_temple_flake

Skill      XL: |  1  2  3  4  5  6  7  8  9 10 11 |
---------------+----------------------------------+-----
Conjurations   | 4 5 6 7 8 9 12 | 12.7
Fighting       | 1 2 3 4 5 6 |  6.8
Translocations | 2 3 6 8 |  8.0
Armour         | 3 4 5 |  5.0
Invocations    | 2 3 4 |  4.8
Alchemy        | 1 3 |  3.3
Dodging        | |  1.3
Stealth        | |  2.1
Spellcasting   | |  1.7

Action                     |  1- 3 |  4- 6 |  7- 9 | 10-12 || total
---------------------------+-------+-------+-------+-------++-------
  Melee: Unarmed           |     9 |       |       |       ||     9
         Tailslap          |     4 |     8 |    28 |     7 ||    47
         Whip              |    25 |    33 |    10 |       ||    68
         Short sword       |     5 |       |       |       ||     5
         Falchion          |       |    17 |       |       ||    17
         Quarterstaff      |       |     5 |   116 |    14 ||   135
         Dagger            |       |       |    48 |    41 ||    89
         Punch             |       |       |     4 |       ||     4
   Cast: Magic Dart        |    69 |    62 |    27 |       ||   158
         Searing Ray       |       |    12 |    27 |     3 ||    42
         Iskenderun's Myst |       |       |    38 |    48 ||    86
         Fulminant Prism   |       |       |     1 |     5 ||     6
 Invoke: Channel Magic     |       |       |     1 |       ||     1
  Evoke: Wand              |       |       |     4 |     2 ||     6
    Use: Scroll            |       |     7 |     3 |     6 ||    16
         Potion            |       |       |     2 |     1 ||     3
   Stab: Sleeping          |     1 |       |       |       ||     1
 Armour: Robe              |    32 |    45 |       |       ||    77
         Leather armour    |       |     6 |   125 |       ||   131
         Swamp dragon scal |       |       |    73 |    95 ||   168
  Dodge: Dodged            |    24 |    50 |   216 |    55 ||   345

Table legend: (Time is in decaauts)
 A = Elapsed time spent in this place.
 B = Non-inter-level travel time spent in this place.
 C = Inter-level travel time spent in this place.
 D = Time resting spent in this place.
 E = Time spent auto-exploring this place.
 F = Levels seen in this place.
 G = Mean time per level.
                   A        B        C        D        E       F      G
               +--------+--------+--------+--------+--------+-----+--------+
         Total |  11271 |  10752 |    519 |   1785 |   6691 |  12 |  939.2 |
       Dungeon |  11248 |  10750 |    498 |   1785 |   6691 |  11 | 1022.5 |
        Temple |     22 |      1 |     21 |      0 |      0 |   1 |   22.0 |
               +--------+--------+--------+--------+--------+-----+--------+

Top non-repeatable levels by time:
     D:8: 1640 daAuts
     D:7: 1310 daAuts
     D:6: 1198 daAuts
     D:4: 1148 daAuts
    D:10: 1133 daAuts
     D:5: 1096 daAuts
     D:1: 1070 daAuts
     D:3: 1026 daAuts
     D:9: 760 daAuts
     D:2: 660 daAuts
    D:11: 203 daAuts
  Temple: 22 daAuts
